 Dungeon Crawl Stone Soup version 0.22.1-1-ga44c0e56f4 (webtiles) character file.

2823644 Ihlosi the Conqueror (level 27, 323/323 HPs)
             Began as an Ogre Gladiator on Nov 4, 2018.
             Was the Champion of Okawaru.
             Escaped with the Orb
             ... and 5 runes on Nov 7, 2018!
             The game lasted 08:15:41 (87642 turns).

Ihlosi the Conqueror (Ogre Gladiator)              Turns: 87642, Time: 08:15:42

Health: 323/323    AC: 36    Str: 39    XL:     27
Magic:  39/39      EV: 23    Int:  9    God:    Okawaru [******]
Gold:   5451       SH:  0    Dex: 19    Spells: 45/58 levels left

rFire    + + .     SeeInvis +   b - +9 giant spiked club (freeze)
rCold    + . .     Gourm    .   (shield currently unavailable)
rNeg     + . .     Faith    .   M - +9 scales of the Dragon King {rPois rF+ rC+ MR+}
rPois    +         Spirit   .   O - +0 hat "Gamuanu" {rPois rF+ Str+2 Dex+2}
rElec    +         Reflect  .   B - +2 cloak {MR+}
rCorr    +         Harm     .   (gloves unavailable)
MR       ++++.     Clarity  +   (boots unavailable)
Stlth    ..........             D - amulet of Suspicion {+Rage rElec Str+3}
HPRegen  0.63/turn              y - ring of Sicady {rCorr rN+ Str+2 Slay+2}
MPRegen  0.26/turn              A - ring "Camor" {EV+3 Str+2 SInv}

@: no status effects
A: large, unfitting armour, horns 2, repulsion field 1, clarity, deterioration
1, dopey 1, low mp 1, strong 2, tough skin 1, no potion heal 1, subdued magic 1
0: Orb of Zot
}: 5/15 runes: decaying, serpentine, slimy, silver, abyssal
a: Heroism, Finesse, Renounce Religion, Evoke Berserk Rage


You escaped.
You worshipped Okawaru.
Okawaru was exalted by your worship.
You were not hungry.

You visited 14 branches of the dungeon, and saw 63 of its levels.
You visited the Abyss 2 times.
You visited 1 bazaar.
You also visited: Trove, Sewer and Bailey.

You collected 8935 gold pieces.
You spent 3484 gold pieces at shops.

Inventory:

Hand Weapons
 a - the +6 giant spiked club of Ythum {venom, rF+ MR+ Stlth-}
   (You found it on level 6 of the Lair of Beasts)

   It poisons the flesh of those it strikes.
   It protects you from fire.
   It affects your resistance to hostile enchantments.
   It makes you less stealthy.
 b - a +9 giant spiked club of freezing (weapon)
 P - a +1 battleaxe of chopping
Missiles
 h - 31 javelins of penetration
 C - 2 throwing nets
 R - 143 large rocks (quivered)
Armour
 B - a +2 cloak of magic resistance (worn)
 M - the +9 scales of the Dragon King (worn) {rPois rF+ rC+ MR+}
   (You found it in a bailey)

   It protects you from fire.
   It protects you from cold.
   It protects you from poison.
   It affects your resistance to hostile enchantments.
 O - the +0 hat "Gamuanu" (worn) {rPois rF+ Str+2 Dex+2}
   (Okawaru gifted it to you on level 14 of the Dungeon)

   It affects your strength (+2).
   It affects your dexterity (+2).
   It protects you from fire.
   It protects you from poison.
Jewellery
 m - a +3 amulet of reflection
 w - an uncursed amulet of regeneration
 y - the ring of Sicady (left hand) {rCorr rN+ Str+2 Slay+2}
   (You found it on level 2 of the Swamp)

   [ring of resist corrosion]

   It affects your strength (+2).
   It affects your accuracy and damage with ranged weapons and melee attacks
   (+2).
   It protects you from negative energy.
 A - the ring "Camor" (right hand) {EV+3 Str+2 SInv}
   (You acquired it on level 10 of the Dungeon)

   [ring of evasion]

   It affects your evasion (+3).
   It affects your strength (+2).
   It lets you see invisible.
 D - the amulet of Suspicion (around neck) {+Rage rElec Str+3}
   (You found it in a treasure trove)

   [amulet of rage]

   It affects your strength (+3).
   It insulates you from electricity.
   It lets you go berserk.
Wands
 c - a wand of paralysis (29)
 i - a wand of iceblast (39)
 r - a wand of digging (37)
 v - a wand of scattershot (5)
 I - a wand of disintegration (15)
 L - a wand of polymorph (52)
 Q - a wand of enslavement (43)
 U - a wand of acid (36)
 Z - a wand of flame (78)
Scrolls
 e - 15 scrolls of enchant armour
 g - 12 scrolls of teleportation
 j - 6 scrolls of fog
 k - 5 scrolls of magic mapping
 s - 3 scrolls of identify
 t - 18 scrolls of remove curse
 z - 3 scrolls of blinking
 E - 6 scrolls of amnesia
 H - a scroll of brand weapon
 J - 3 scrolls of summoning
 S - 8 scrolls of fear
 T - 3 scrolls of holy word
 X - 3 scrolls of immolation
 Y - 5 scrolls of enchant weapon
Potions
 d - 7 potions of haste
 l - 5 potions of might
 n - 14 potions of heal wounds
 o - 27 potions of curing
 p - 7 potions of resistance
 q - 4 potions of flight
 u - a potion of invisibility
 F - 2 potions of magic
 G - a potion of mutation
 K - 2 potions of ambrosia
 N - 3 potions of agility
 W - 3 potions of cancellation
Miscellaneous
 x - the horn of Geryon
Comestibles
 f - 48 rations


   Skills:
 O Level 27 Fighting
 + Level 24.3 Maces & Flails
 * Level 17.2 Throwing
 * Level 19.8 Armour
 * Level 18.3 Dodging
 - Level 3.0 Stealth
 * Level 16.3 Spellcasting
 - Level 5.0 Charms
 * Level 10.6 Necromancy
 * Level 8.2 Transmutations
 - Level 3.0 Air Magic
 - Level 15.0 Invocations
 + Level 1.2 Evocations


You had 45 spell levels left.
You knew the following spells:

 Your Spells              Type           Power        Failure   Level  Hunger
a - Swiftness             Chrm/Air       ##......     12%         2    None
b - Regeneration          Chrm/Necr      ###.......   4%          3    #......
c - Necromutation         Tmut/Necr      ###.......   100%        8    #######

Your spell library contained the following spells:

 Spells                   Type           Power        Failure   Level  Hunger
 Animate Skeleton         Necr           N/A          1%          1    None
 Beastly Appendage        Tmut           ###...       1%          1    None
 Pain                     Necr           ###.         1%          1    None
 Corpse Rot               Necr           N/A          1%          2    None
 Sticks to Snakes         Tmut           ###.....     1%          2    None
 Vampiric Draining        Necr           ###.......   1%          3    #......
 Animate Dead             Necr           N/A          4%          4    ###....
 Passwall                 Tmut/Erth      ##......     11%         2    None
 Shock                    Conj/Air       #...         22%         1    None
 Shroud of Golubria       Chrm/Tloc      #.........   22%         2    None
 Spider Form              Tmut/Pois      ##........   22%         3    #......
 Poisonous Vapours        Pois/Air       #.....       32%         2    None
 Blade Hands              Tmut           ###.......   36%         5    #####..
 Confusing Touch          Hex            #.....       38%         1    None
 Corona                   Hex            #......      38%         1    None
 Flame Tongue             Conj/Fire      #....        38%         1    None
 Freeze                   Ice            #...         38%         1    None
 Magic Dart               Conj           #...         38%         1    None
 Sandblast                Erth           #.....       38%         1    None
 Summon Butterflies       Summ           #.......     38%         1    None
 Summon Small Mammal      Summ           #...         38%         1    None
 Ozocubu's Armour         Chrm/Ice       #.......     41%         3    #......
 Blink                    Tloc           N/A          52%         2    None
 Call Imp                 Summ           #.......     52%         2    None
 Ensorcelled Hibernation  Hex/Ice        #.....       52%         2    None
 Searing Ray              Conj           #.....       52%         2    None
 Slow                     Hex            #.......     52%         2    None
 Throw Flame              Conj/Fire      #.....       52%         2    None
 Throw Frost              Conj/Ice       #.....       52%         2    None
 Static Discharge         Conj/Air       #.......     54%         3    #......
 Ice Form                 Ice/Tmut       ##......     61%         4    ###....
 Mephitic Cloud           Conj/Pois/Air  #.......     63%         3    #......
 Call Canine Familiar     Summ           #.......     77%         3    #......
 Confuse                  Hex            #.......     77%         3    #......
 Conjure Flame            Conj/Fire      #.......     77%         3    #......
 Dazzling Spray           Conj/Hex       #.....       77%         3    #......
 Gell's Gravitas          Tloc           #.........   77%         3    #......
 Inner Flame              Hex/Fire       #.......     77%         3    #......
 Lesser Beckoning         Tloc           #.........   77%         3    #......
 Stone Arrow              Conj/Erth      #.....       77%         3    #......
 Summon Guardian Golem    Hex/Summ       #.......     77%         3    #......
 Teleport Other           Tloc           #.......     77%         3    #......
 Tukima's Dance           Hex            #.......     77%         3    #......
 Airstrike                Air            #.........   77%         4    ###....
 Bolt of Draining         Conj/Necr      ##........   80%         5    #####..
 Borgnjor's Vile Clutch   Necr/Erth      ##........   80%         5    #####..
 Summon Lightning Spire   Summ/Air       #.......     92%         4    ###....
 Irradiate                Conj/Tmut      ##........   92%         5    #####..
 Hydra Form               Tmut           ###.......   92%         6    ######.
 Cause Fear               Hex            #.........   99%         4    ###....
 Force Lance              Conj/Tloc      #.......     99%         4    ###....
 Fulminant Prism          Conj/Hex       #.........   99%         4    ###....
 Iskenderun's Mystic Bla  Conj           #.......     99%         4    ###....
 Leda's Liquefaction      Hex/Erth       #.........   99%         4    ###....
 Sticky Flame             Conj/Fire      #.......     99%         4    ###....
 Summon Ice Beast         Ice/Summ       #.......     99%         4    ###....
 Throw Icicle             Conj/Ice       #.......     99%         4    ###....
 Iskenderun's Battlesphe  Conj/Chrm      #.......     99%         5    #####..
 Fireball                 Conj/Fire      #.........   100%        5    #####..
 Lee's Rapid Deconstruct  Erth           #.........   100%        5    #####..
 Lightning Bolt           Conj/Air       #.........   100%        5    #####..
 Metabolic Englaciation   Hex/Ice        #.........   100%        5    #####..
 Summon Forest            Summ/Tloc      #.........   100%        5    #####..
 Summon Mana Viper        Hex/Summ       #.......     100%        5    #####..
 Venom Bolt               Conj/Pois      #.........   100%        5    #####..
 Bolt of Cold             Conj/Ice       #.........   100%        6    ######.
 Darkness                 Hex            #.........   100%        6    ######.
 Freezing Cloud           Conj/Ice/Air   #.........   100%        6    ######.
 Statue Form              Tmut/Erth      ##.......    100%        6    ######.
 Dragon Form              Tmut           ###.......   100%        7    #######
 Haunt                    Necr/Summ      ##........   100%        7    #######
 Ring of Flames           Chrm/Fire      #.........   100%        7    #######
 Spellforged Servitor     Conj/Summ      #.........   100%        7    #######
 Summon Hydra             Summ           #.........   100%        7    #######
 Borgnjor's Revivificati  Necr           ###.......   100%        8    #######
 Death's Door             Chrm/Necr      ###.......   100%        8    #######
 Discord                  Hex            #.........   100%        8    #######
 Ignition                 Fire           #.........   100%        8    #######
 Infestation              Necr           ###.......   100%        8    #######
 Shatter                  Erth           #.........   100%        9    #######
 Tornado                  Air            #.........   100%        9    #######
 Passage of Golubria      Tloc           Unusable     N/A         4    N/A

Dungeon Overview and Level Annotations

Branches:
Dungeon (15/15)            Temple (1/1) D:6            Lair (6/6) D:11
  Swamp (4/4) Lair:4        Snake (4/4) Lair:2        Slime (5/5) Lair:5
    Orc (2/2) D:10            Elf (3/3) Orc:2        Vaults (5/5) D:13
  Crypt (0/3) Vaults:3     Depths (5/5) D:15           Hell (1/1)
    Dis (3/7) Hell            Geh (4/7) Hell            Coc (0/7) Hell
    Tar (0/7) Hell            Zot (5/5) Depths:5

Altars:
Ashenzari
Cheibriados
Dithmenos
Elyvilon
Fedhas
Gozag
Hepliaklqana
Kikubaaqudgha
Makhleb
Nemelex Xobeh
Okawaru
Qazlal
Ru
Sif Muna
Trog
Uskayaw
Vehumet
Wu Jian
Xom
Yredelemnul
Zin
The Shining One
Jiyva

Shops:
D:5 %}:   D:15 }*?   Orc:2 }=!!   Snake:1 :?   Snake:3 ?   Vaults:1 *%[(
Vaults:3 ?:(:   Depths:1 :**(!   Depths:4 [   Depths:5 =%%%%

Portals:
Hell: Depths:1 Depths:2 Depths:3 Depths:4 Depths:5
Abyss: Depths:1 Depths:3 Depths:4
Pandemonium: Depths:1 Depths:3 Depths:5
Ziggurat: Depths:5

Annotations:
Lair:3 exclusion: oklob plant
Slime:5 Royal Jelly active!
Elf:2 exclusion: Roxanne, Roxanne


Innate Abilities, Weirdness & Mutations

You are too large for most types of armour.
You have tough skin. (AC +1)
You have a pair of horns on your head.
You are surrounded by a mild repulsion field. (EV +2)
You possess an exceptional clarity of mind.
Your body sometimes deteriorates upon taking damage.
You are dopey. (Int -2)
Your magical capacity is low. (-10% MP)
Your muscles are very strong. (Str +4)
Potions are less effective at restoring your health.
Your spells are a little easier to cast, but a little less powerful.


Message History

(P) Snake Pit (M) Slime Pits (O) Orcish Mines (E) Elven Halls (V) Vaults (C) Crypt (U) Depths (H) Hell (I) Dis (G) Gehenna (X) Cocytus (Y) Tartarus (Z) Zot
Where to? (* - list waypoints, Enter - D:1 @ (x,y), ? - help)
An Orb Guardian comes into view.
Throwing (i - inventory. (/) - cycle)
R - 144 large rocks (quivered)
Press: ? - help, Shift-Dir - straight line, f - Orb Guardian
Aim: an Orb Guardian You throw a large rock.
The large rock misses the Orb Guardian.
Throwing (i - inventory. (/) - cycle)
R - 143 large rocks (quivered)
Press: ? - help, Shift-Dir - straight line, f/p - Orb Guardian
Aim: an Orb Guardian You throw a large rock.
The large rock hits the Orb Guardian!!!!
You kill the Orb Guardian!
Okawaru accepts your kill.
R - 143 large rocks (gained 1)
There is a staircase leading out of the dungeon here.
You have escaped! .#......# .#.....## ♣.♣P...P.♣♣ PP#

.#.....##♣♣PPPP...PP♣♣P.# #####
.#.....##.P.P..P♣.P.P...# #...#
.#..(..##P.....P.P.PP♣P.# ###.#
.#((...##.....P..♣P.P.P. ###.#
.#......################## #...#
.######..................###.###
.##.............@.(.......##.#
....##.#..................##.#
.##.##.#############.).......#
.##.....#.)..#...# #.#########
.....##.#.##.#...# #.##########
..##.##...##.#..)# #..........#
..##....####.#...# ##########.#
.......## #.#...# ######.#
.##...## #.#...# #......#


There were no monsters in sight!

Vanquished Creatures
  the Royal Jelly (Slime:5)
  3 orbs of fire
  A juggernaut (Depths:5)
  Sojobo (Vaults:4)
  4 ancient liches
  Frederick (Vaults:3)
  2 curse toes
  3 Killer Klowns (Zot:5)
  Vashnia (Snake:2)
  Geryon (Hell)
  A caustic shrike (Depths:4)
  A profane servitor (Abyss:1)
  9 golden dragons
  Jory (Vaults:3)
  Nikola (Snake:2)
  6 liches
  3 bone dragons
  A Tzitzimitl (Dis:2)
  11 Brimstone Fiends
  4 electric golems (Zot:5)
  14 tentacled monstrosities
  29 Orb Guardians
  4 deep elf blademasters
  Asterion (Vaults:3)
  8 quicksilver dragons
  7 titans
  35 acid blobs
  Frances (Swamp:1)
  An Executioner (Depths:3)
  4 deep elf master archers (Elf:3)
  14 death cobs
  An eldritch tentacle (Geh:2)
  11 shadow dragons
  8 tengu reavers
  4 sphinxes
  3 thorn hunters
  16 storm dragons
  5 tentacled starspawn (Abyss:3)
  6 draconian monks
  24 azure jellies
  10 fire giants
  3 draconian knights
  11 deep elf sorcerers
  A daeva (Abyss:3)
  9 frost giants
  11 vault wardens
  13 nagarajas
  A ghost moth (Zot:4)
  5 draconian shifters
  4 draconian scorchers
  A cacodemon (D:8)
  6 orc warlords
  4 balrugs
  2 iron dragons
  A curse skull (Vaults:3)
  4 deep elf elementalists
  2 draconian stormcallers
  8 draconian annihilators
  27 very ugly things
  11 reapers
  15 ironheart preservers
  3 war gargoyles
  35 stone giants
  An entropy weaver (Abyss:3)
  4 vampire knights
  A spriggan defender (Depths:5)
  14 green draconians
  8 white draconians
  8 black draconians
  4 deep elf demonologists
  13 red draconians
  A dire elephant (D:15)
  12 deep elf annihilators
  10 purple draconians
  5 spark wasps
  A spark wasp (shapeshifter) (Depths:3)
  13 yellow draconians
  A merfolk javelineer (Abyss:3)
  12 ettins
  An eidolon (Abyss:1)
  2 green deaths
  7 deep elf death magi
  13 death oozes (Slime:5)
  2 blizzard demons (Hell)
  2 quicksilver dragon zombies
  8 fire dragons
  5 deep elf high priests
  21 ogre magi
  A kraken zombie (Hell)
  24 vault guards (Vaults:5)
  21 yaktaur captains
  12 great orbs of eyes
  9 ice dragons
  2 spriggan air magi (Depths:5)
  22 hydras
  31 naga warriors
  The ghost of Ivadekk the Grappler, a journeyman DrTm of Okawaru (Lair:2)
  A hell beast (Hell)
  11 rakshasas
  4 catoblepae
  An anaconda (shapeshifter) (Vaults:3)
  4 death knights
  10 centaur warriors
  13 anacondas
  29 dancing weapons
  11 alligators
  8 tengu warriors
  11 death yaks (Lair:6)
  5 deep troll shamans
  3 deep troll earth magi
  48 two-headed ogres
  22 naga sharpshooters
  27 hell hogs
  2 thrashing horrors (Abyss:3)
  4 orc high priests
  5 shock serpents
  4 spriggan berserkers
  7 spriggans
  9 sun demons
  A titan zombie (Geh:3)
  77 hell knights
  4 soul eaters (Hell)
  A storm dragon zombie (Geh:3)
  2 titan skeletons
  The ghost of Cykl0x the Cleaver, a novice GrFi of Okawaru (D:9)
  26 deep elf knights
  An iron golem (Hell)
  2 iron trolls (Depths:5)
  16 skeletal warriors
  3 shadow wraiths
  2 sixfirhies
  3 salamander mystics (Snake:2)
  2 spatial maelstroms (Abyss:3)
  6 wretched stars
  14 small abominations
  5 glowing orange brains
  6 unseen horrors
  16 deep trolls
  A ghost moth zombie (Dis:1)
  4 flayed ghosts
  A glowing orange brain (shapeshifter) (Vaults:5)
  2 spriggan druids
  14 starcursed masses (Abyss:3)
  2 storm dragon skeletons (Geh:3)
  17 deep elf archers
  5 anaconda zombies
  10 swamp dragons
  14 ironbrand convokers
  23 orc knights
  2 shambling mangroves
  8 naga ritualists
  5 anaconda skeletons
  An orb spider (shapeshifter) (Depths:5)
  3 wizards
  6 phantasmal warriors
  19 necromancers
  4 wolf spiders
  2 shadow dragon skeletons
  A mana viper (shapeshifter) (Vaults:5)
  11 mana vipers
  A wolf spider zombie (D:14)
  7 shining eyes
  A tengu skeleton (Vaults:5)
  2 frost giant zombies
  11 harpies
  3 manticores
  10 orc sorcerers
  3 stone giant zombies
  6 cyclopes
  4 fire giant zombies
  51 deep elf magi
  2 worldbinders (Abyss:3)
  50 ugly things
  A cyclops (shapeshifter) (Abyss:3)
  2 iron dragon zombies (Dis:1)
  4 dire elephant zombies
  An elephant (shapeshifter) (Vaults:1)
  17 salamanders
  15 vault sentinels
  9 elephants
  21 moths of wrath
  A guardian serpent (shapeshifter) (Vaults:4)
  2 fire giant skeletons (Geh:3)
  21 black mambas
  2 apocalypse crabs (Abyss:3)
  3 molten gargoyles (Geh:1)
  5 rust devils
  12 smoke demons
  4 stone giant skeletons
  11 naga magi
  4 eyes of devastation
  3 frost giant skeletons
  2 orange demons
  9 guardian serpents
  2 ice statues (Hell)
  2 elf zombies
  3 gargoyles
  A spriggan zombie (Depths:2)
  A yellow draconian zombie (Geh:2)
  7 rime drakes
  A shock serpent skeleton (Geh:3)
  12 komodo dragons
  20 spiny frogs
  A rime drake (shapeshifter) (Vaults:5)
  A kobold demonologist (D:8)
  11 hellions
  A komodo dragon (shapeshifter) (Abyss:3)
  57 yaktaurs
  A catoblepas zombie (Geh:1)
  13 red devils
  10 tormentors
  A yaktaur skeleton (Vaults:5)
  11 freezing wraiths
  2 hellwings
  4 efreet
  An ice devil (Hell)
  A merfolk (D:15)
  6 ancient zymes
  2 tengu conjurers (D:13)
  A polar bear (shapeshifter) (Elf:2)
  3 hydra zombies
  13 trolls
  3 harpy zombies (Geh:3)
  4 polar bears
  13 hornets
  11 tyrant leeches
  4 bog bodies
  3 raiju
  4 dream sheep (Lair:6)
  2 ettin zombies
  2 fire dragon zombies (Geh:3)
  25 blink frogs
  A hippogriff (shapeshifter) (Vaults:4)
  A hydra skeleton (Hell)
  A frost giant simulacrum (Vaults:5)
  109 slime creatures
  A blink frog (shapeshifter) (Vaults:4)
  An alligator zombie (Geh:2)
  An ice dragon skeleton (Geh:3)
  16 hippogriffs
  4 air elementals
  An alligator skeleton (Hell)
  A centaur simulacrum (D:15)
  15 shadows
  75 yaks
  An ettin skeleton (Geh:3)
  A fire dragon skeleton (Geh:3)
  11 wraiths
  5 water elementals
  14 large abominations
  8 flying skulls
  35 fire elementals
  A vampire (D:11)
  A black mamba zombie (Geh:1)
  5 ynoxinuls (Abyss:3)
  2 basilisks (shapeshifter)
  2 wyverns
  3 golden eyes
  A golden eye (shapeshifter) (Vaults:4)
  2 basilisks
  13 vampire mosquitoes
  2 hungry ghosts
  2 steam dragons
  4 chaos spawn
  4 neqoxecs
  2 black mamba skeletons
  13 wargs
  16 swamp worms
  59 nagas
  4 soldier ants
  6 porcupines
  2 spiny frog zombies
  15 insubstantial wisps
  10 water moccasins
  2 hydra simulacra (Hell)
  3 acid dragons
  38 hell hounds
  A floating eye (shapeshifter) (Depths:4)
  6 sky beasts
  16 swamp drakes
  62 orc warriors
  A black bear (Lair:3)
  12 necrophages
  5 phantoms
  6 eyes of draining
  5 ice beasts
  5 wolves
  A wolf (shapeshifter) (Depths:4)
  57 ogres
  A snapping turtle skeleton (Abyss:3)
  A snapping turtle zombie (Geh:1)
  15 boggarts
  44 centaurs
  A swamp dragon skeleton (Geh:3)
  17 crocodiles
  A manticore skeleton (Geh:3)
  16 big kobolds (D:8)
  2 gnoll sergeants
  19 bullfrogs
  2 earth elementals
  A wyvern zombie (D:10)
  2 wyvern skeletons (D:14)
  4 scorpions
  10 killer bees
  An orc simulacrum (Vaults:2)
  29 wights
  A spriggan skeleton (Geh:1)
  2 howler monkeys
  A bullfrog zombie (D:12)
  11 crimson imps
  4 lava snakes (D:10)
  5 centaur zombies
  7 iron imps
  4 jellies
  30 orc wizards
  A gnoll shaman (D:6)
  2 human zombies
  24 orc priests
  9 hounds
  2 bullfrog skeletons
  7 centaur skeletons
  5 iguanas
  8 worker ants
  Ijyb (D:5)
  6 hell rats (Hell)
  A hound zombie (D:11)
  A hound skeleton (D:11)
  A howler monkey zombie (D:5)
  A worker ant zombie (D:11)
  22 gnolls
  21 adders
  7 shadow imps
  4 white imps
  6 oozes
  An adder zombie (D:8)
  2 adder skeletons (D:4)
  4 worms
  2 dart slugs
  10 leopard geckos
  120 orcs
  10 bats
  16 giant cockroaches
  8 goblins
  14 hobgoblins
  14 jackals
  28 kobolds
  6 quokkas
  8 ball pythons
  11 frilled lizards
  A jackal zombie (D:6)
  A leopard gecko zombie (D:8)
  An orc zombie (Geh:3)
  A quokka skeleton (D:4)
  A quokka zombie (D:7)
  3 rats
  A briar patch (Swamp:4)
  A butterfly (Lair:2)
  4 fungi (Swamp:4)
  3 lurking horrors (Abyss:3)
  2 plants
  7 starspawn tentacles (Abyss:3)
  2 tentacles (Hell)
3206 creatures vanquished.

Vanquished Creatures (others)
  An ironheart preserver (Vaults:3)
  An anaconda (Snake:3)
  A two-headed ogre (Depths:1)
  A shock serpent (Snake:3)
  3 deep elf knights
  A deep elf mage (Elf:3)
  A shadow dragon skeleton (Geh:2)
  A porcupine (shapeshifter) (Vaults:5)
  A centaur (D:15)
  3 wights
  A starcursed mass (Abyss:3)
  An iron imp (Hell)
  An orc (D:10)
  A kobold (D:8)
  A bush (Lair:6)
  6 fungi (Lair:6)
  40 plants
  9 starspawn tentacles (Abyss:3)
  7 tentacles (Hell)
81 creatures vanquished.

Grand Total: 3287 creatures vanquished

Notes
Turn   | Place    | Note
-------+----------+-------------------------------------------
     0 | D:1      | Ihlosi the Ogre Gladiator began the quest for the Orb.
     0 | D:1      | Reached XP level 1. HP: 22/22 MP: 1/1
   100 | D:1      | Reached XP level 2. HP: 29/29 MP: 2/2
   120 | D:1      | Reached skill level 3 in Fighting
   196 | D:1      | Reached XP level 3. HP: 32/37 MP: 3/3
   863 | D:2      | Reached skill level 4 in Fighting
   876 | D:2      | Reached XP level 4. HP: 40/48 MP: 4/4
  1932 | D:3      | Reached skill level 5 in Fighting
  2114 | D:3      | Reached XP level 5. HP: 57/57 MP: 5/5
  2313 | D:3      | Found a faded altar of an unknown god.
  2509 | D:3      | Gained mutation: Your muscles are strong. (Str +2) [potion
                  | of mutation]
  2509 | D:3      | Gained mutation: You have a pair of small horns on your
                  | head. [potion of mutation]
  2509 | D:3      | Gained mutation: You are partially covered in molten
                  | scales. (AC +2) [potion of mutation]
  2878 | D:3      | Reached skill level 6 in Fighting
  3129 | D:4      | Reached XP level 6. HP: 67/67 MP: 6/6
  3346 | D:4      | Found a shimmering altar of Xom.
  3370 | D:4      | Noticed a phantom
  3678 | D:4      | Reached XP level 7. HP: 66/76 MP: 7/7
  3689 | D:4      | Found a glowing drain.
  3710 | Sewer    | Entered a sewer
  3798 | Sewer    | Reached skill level 7 in Fighting
  4507 | D:5      | Entered Level 5 of the Dungeon
  4794 | D:5      | Reached skill level 1 in Evocations
  4978 | D:5      | Reached skill level 5 in Maces & Flails
  4979 | D:5      | Found Foseroo's Book Shoppe.
  5021 | D:5      | Noticed Ijyb
  5031 | D:5      | Killed Ijyb
  5098 | D:5      | Found Fyez's Food Shoppe.
  5127 | D:5      | Reached XP level 8. HP: 88/88 MP: 8/8
  5145 | D:5      | Found Tyhoddac's Gadget Shop.
  5169 | D:5      | Reached skill level 8 in Fighting
  5377 | D:6      | Found a staircase to the Ecumenical Temple.
  5438 | Temple   | Entered the Ecumenical Temple
  6163 | D:6      | Reached skill level 9 in Fighting
  6306 | D:6      | Reached skill level 5 in Dodging
  6706 | D:7      | Reached skill level 1 in Spellcasting
  6706 | D:7      | Reached XP level 9. HP: 77/100 MP: 8/10
  7195 | D:7      | Reached skill level 10 in Fighting
  8556 | D:8      | Reached skill level 11 in Fighting
  9327 | D:8      | Noticed a kobold demonologist
  9343 | D:8      | Killed a kobold demonologist
  9343 | D:8      | Reached XP level 10. HP: 101/115 MP: 11/11
  9345 | D:8      | Reached skill level 12 in Fighting
  9587 | D:9      | Found a flagged portal.
  9663 | Bailey   | Entered a bailey
  9669 | Bailey   | Noticed an orc warlord
  9686 | Bailey   | Found the +9 scales of the Dragon King {rPois rF+ rC+ MR+}
  9786 | Bailey   | Reached skill level 13 in Fighting
  9815 | Bailey   | Found a runed gate.
  9817 | Bailey   | Found a runed gate.
  9830 | Bailey   | Found a runed gate.
 10099 | D:9      | Reached skill level 1 in Armour
 10404 | D:9      | Found an iron altar of Okawaru.
 10407 | D:9      | Found a shattered altar of Ashenzari.
 10411 | D:9      | Became a worshipper of Warmaster Okawaru
 10417 | D:9      | Found an opulent altar of Gozag.
 10439 | D:9      | Found a runed door.
 10439 | D:9      | Noticed Cykl0x's ghost (novice GrFi)
 10487 | D:9      | Noticed a two-headed ogre
 10496 | D:9      | Killed a two-headed ogre
 10611 | D:9      | Reached * piety under Okawaru
 10794 | D:10     | Entered Level 10 of the Dungeon
 10896 | D:10     | Noticed a gargoyle
 10915 | D:10     | Killed a gargoyle
 10915 | D:10     | Reached XP level 11. HP: 77/128 MP: 12/12
 11169 | D:10     | Reached skill level 14 in Fighting
 11218 | D:10     | Killed an unseen horror
 11218 | D:10     | Reached ** piety under Okawaru
 11437 | D:10     | Found a staircase to the Orcish Mines.
 11636 | D:10     | Noticed an ice dragon
 11675 | D:10     | Killed an ice dragon
 11995 | D:11     | Noticed a two-headed ogre
 12025 | D:11     | Noticed a two-headed ogre
 12043 | D:10     | Killed a two-headed ogre
 12202 | D:10     | Identified 2 scrolls of acquirement
 12209 | D:10     | Got a scorched steel ring
 12210 | D:10     | Identified the ring "Biopty" {Wiz Int+3} (You acquired it
                  | on level 10 of the Dungeon)
 12212 | D:10     | Got a warped platinum ring
 12213 | D:10     | Identified the ring "Camor" {EV+3 Str+2 SInv} (You acquired
                  | it on level 10 of the Dungeon)
 12235 | D:11     | Found a staircase to the Lair.
 12255 | D:11     | Reached *** piety under Okawaru
 12255 | D:11     | Reached skill level 5 in Armour
 12304 | D:11     | Noticed a seven-headed hydra
 12384 | D:10     | Killed a two-headed ogre
 12384 | D:10     | Reached skill level 1 in Invocations
 12473 | D:11     | Noticed a cyan ugly thing
 12514 | Orc:1    | Entered Level 1 of the Orcish Mines
 12521 | Orc:1    | Noticed an orc sorcerer
 12652 | D:11     | Found a blossoming altar of Fedhas.
 12919 | D:11     | Noticed a four-headed hydra
 13100 | D:11     | Noticed a cyclops
 13163 | Orc:1    | Killed an orc sorcerer
 13364 | Orc:1    | Reached **** piety under Okawaru
 13494 | Orc:2    | Entered Level 2 of the Orcish Mines
 13494 | Orc:2    | Noticed an orc knight
 13526 | Orc:2    | Noticed an ettin
 13822 | Orc:2    | Noticed an orc warlord
 14052 | Orc:1    | Killed an ettin
 14052 | Orc:1    | Reached ***** piety under Okawaru
 14052 | Orc:1    | Reached XP level 12. HP: 46/140 MP: 13/13
 14371 | Orc:2    | Reached skill level 15 in Fighting
 14784 | Orc:1    | Noticed an orc warlord
 15021 | Orc:2    | Found a staircase to the Elven Halls.
 15044 | Orc:2    | Noticed an orc warlord
 15148 | D:10     | Killed a one-headed hydra
 15347 | D:11     | Noticed a two-headed ogre
 15357 | D:10     | Killed a two-headed ogre
 15732 | D:11     | Received a gift from Okawaru
 16292 | D:11     | Noticed a six-headed hydra
 16299 | D:11     | Killed a six-headed hydra
 16370 | Lair:1   | Entered Level 1 of the Lair of Beasts
 16565 | Lair:1   | Reached XP level 13. HP: 150/150 MP: 16/16
 17239 | Lair:1   | Reached skill level 5 in Invocations
 17626 | Lair:2   | Reached skill level 10 in Maces & Flails
 17717 | Lair:2   | Received a gift from Okawaru
 18258 | Lair:2   | Found a runed gate.
 18262 | Lair:2   | Noticed Ivadekk's ghost (journeyman DrTm)
 18263 | Lair:2   | Found a runed gate.
 18263 | Lair:2   | Found a runed gate.
 18468 | Lair:2   | Found a staircase to the Snake Pit.
 19550 | Lair:3   | Reached skill level 16 in Fighting
 19554 | Lair:3   | Received a gift from Okawaru
 20397 | Lair:4   | Found a staircase to the Swamp.
 20548 | Lair:4   | Reached XP level 14. HP: 142/163 MP: 18/18
 21476 | Lair:5   | Received a gift from Okawaru
 21615 | Lair:5   | Found a viscous altar of Jiyva.
 21616 | Lair:5   | Found a staircase to the Slime Pits.
 22255 | Lair:6   | Entered Level 6 of the Lair of Beasts
 22571 | Lair:6   | Reached ****** piety under Okawaru
 22883 | Lair:6   | Reached skill level 17 in Fighting
 22887 | Lair:6   | Reached skill level 10 in Armour
 23440 | Lair:6   | Received a gift from Okawaru
 23704 | Lair:6   | Received a gift from Okawaru
 23720 | Lair:6   | Reached XP level 15. HP: 88/174 MP: 20/20
 24116 | Lair:6   | Got a twisted short sword
 24118 | Lair:6   | Got a twisted giant spiked club
 24122 | Lair:6   | Identified the +6 giant spiked club of Ythum {venom, rF+
                  | MR+ Stlth-} (You found it on level 6 of the Lair of Beasts)
 24124 | Lair:6   | Identified the +4 short sword "Killer Bee's Regret"
                  | {pierce, Fragile MR+ Str+3} (You found it on level 6 of the
                  | Lair of Beasts)
 24357 | Snake:1  | Entered Level 1 of the Snake Pit
 24793 | Snake:1  | Received a gift from Okawaru
 25404 | Orc:1    | Killed an orc warlord
 25486 | Orc:2    | Killed an orc warlord
 25841 | Orc:2    | Noticed an orc warlord
 26194 | Orc:2    | Killed an orc warlord
 26194 | Orc:2    | Reached skill level 10 in Dodging
 26530 | Orc:2    | Found Digituq's Distillery.
 26530 | Orc:2    | Found Zirphuq's Distillery.
 26531 | Orc:2    | Found Jestugg's Gadget Shoppe.
 26536 | Orc:2    | Found Zerphuac's Jewellery Shoppe.
 26538 | Orc:2    | Bought a potion of degeneration for 15 gold pieces
 26550 | Orc:2    | Bought 2 potions of heal wounds for 140 gold pieces
 26550 | Orc:2    | Bought a potion of curing for 42 gold pieces
 26550 | Orc:2    | Bought 2 potions of curing for 84 gold pieces
 26550 | Orc:2    | Bought a potion of heal wounds for 70 gold pieces
 26550 | Orc:2    | Bought a potion of heal wounds for 70 gold pieces
 26562 | Orc:2    | Bought a potion of resistance for 150 gold pieces
 26974 | Orc:1    | Noticed an orc warlord
 26983 | Orc:1    | Killed an orc warlord
 27076 | Orc:1    | Killed an orc warlord
 27094 | Orc:1    | Received a gift from Okawaru
 27176 | Orc:1    | Noticed an orc warlord
 27196 | Orc:1    | Got a faintly glowing spear {distort}
 27325 | Orc:1    | Killed an orc warlord
 27325 | Orc:1    | Reached skill level 18 in Fighting
 27970 | D:9      | Killed Cykl0x's ghost
 28095 | Lair:2   | Identified the +9 spear "Ecaqal" {distort, rElec Stlth+}
                  | (You took it off an orc warrior on level 1 of the Orcish
                  | Mines)
 28188 | Lair:2   | Killed Ivadekk's ghost
 28277 | Swamp:1  | Entered Level 1 of the Swamp
 28365 | Swamp:1  | Reached XP level 16. HP: 185/185 MP: 22/22
 28480 | Swamp:1  | Reached skill level 5 in Throwing
 29052 | Swamp:2  | Found a transporter.
 29129 | Swamp:1  | Noticed Frances
 29143 | Swamp:1  | Killed Frances
 29917 | Swamp:2  | Found a transporter.
 30029 | Swamp:2  | Received a gift from Okawaru
 30358 | Swamp:2  | Noticed a thorn hunter
 30736 | D:12     | Received a gift from Okawaru
 31118 | D:12     | Found a portal to a secret trove of treasure.
 31802 | D:13     | Found a bloodstained altar of Trog.
 32080 | D:13     | Found a gate to the Vaults.
 32298 | D:13     | Received a gift from Okawaru
 32954 | D:14     | Received a gift from Okawaru
 32955 | D:14     | Got a scorched hat {god gift}
 32966 | D:14     | Identified the +0 hat "Gamuanu" {rPois rF+ Str+2 Dex+2}
                  | (Okawaru gifted it to you on level 14 of the Dungeon)
 33249 | D:14     | Reached skill level 19 in Fighting
 33421 | D:15     | Entered Level 15 of the Dungeon
 33600 | D:15     | Reached XP level 17. HP: 181/198 MP: 23/23
 33629 | D:15     | Found a white marble altar of Elyvilon.
 33659 | D:15     | Found Quoz's Magic Scroll Shop.
 33729 | D:15     | Found Xaof's Gadget Shop.
 33766 | D:15     | Found Puischiv's General Store.
 33976 | D:15     | Found a staircase to the Depths.
 34397 | Orc:2    | Bought the amulet of the Air {Inacc +Fly rElec EV+5 RMsl}
                  | for 666 gold pieces
 34397 | Orc:2    | Found the amulet of the Air {Inacc +Fly rElec EV+5 RMsl}
 34539 | Snake:1  | Found Sommistri's Magic Scroll Shop.
 34543 | Snake:1  | Found Noguijan's Book Shop.
 34554 | Snake:1  | Bought a scroll of vulnerability for 90 gold pieces
 34554 | Snake:1  | Bought a scroll of magic mapping for 42 gold pieces
 34554 | Snake:1  | Bought a scroll of enchant weapon for 90 gold pieces
 34554 | Snake:1  | Bought a scroll of enchant weapon for 90 gold pieces
 35760 | Snake:2  | Noticed Nikola
 35778 | Snake:2  | Killed Nikola
 35778 | Snake:2  | Reached skill level 15 in Maces & Flails
 36286 | Snake:2  | Noticed Vashnia
 36298 | Snake:2  | Killed Vashnia
 36298 | Snake:2  | Received a gift from Okawaru
 37025 | Snake:3  | Reached skill level 20 in Fighting
 37059 | Snake:3  | Found Agrolipt's Magic Scroll Emporium.
 37081 | Snake:3  | Found a flickering gateway to a bazaar.
 37099 | Bazaar   | Entered a bazaar
 37105 | Bazaar   | Found Ryehong's Book Emporium.
 37113 | Bazaar   | Found Gaefuh's Jewellery Shop.
 37154 | Bazaar   | Found Cahuk's Weapon Shoppe.
 37162 | Bazaar   | Found Orghebrast's Magic Scroll Boutique.
 37253 | Bazaar   | Bought a scroll of holy word for 135 gold pieces
 37253 | Bazaar   | Bought a scroll of acquirement for 936 gold pieces
 37253 | Bazaar   | Bought a scroll of blinking for 135 gold pieces
 37253 | Bazaar   | Bought a scroll of identify for 36 gold pieces
 37253 | Bazaar   | Bought a scroll of magic mapping for 63 gold pieces
 37660 | Snake:4  | Entered Level 4 of the Snake Pit
 38359 | Swamp:2  | Reached XP level 18. HP: 177/213 MP: 24/24
 38904 | Swamp:2  | Received a gift from Okawaru
 38906 | Swamp:2  | Got a fine robe {god gift}
 39162 | Swamp:3  | Found an opulent altar of Gozag.
 39861 | Swamp:2  | Got a shimmering lead ring
 39871 | Swamp:2  | Got a translucent garnet amulet
 39874 | Swamp:2  | Got a pitted granite ring
 39882 | Swamp:2  | Identified the amulet of Truth {Inacc rF+ Int+4} (You found
                  | it on level 2 of the Swamp)
 39884 | Swamp:2  | Identified the ring "Iqoj" {-Tele rC- Int+10 Stlth-} (You
                  | found it on level 2 of the Swamp)
 39886 | Swamp:2  | Identified the ring of Sicady {rCorr rN+ Str+2 Slay+2} (You
                  | found it on level 2 of the Swamp)
 39973 | Swamp:4  | Entered Level 4 of the Swamp
 40423 | Swamp:3  | Reached skill level 21 in Fighting
 41171 | Swamp:4  | Got a decaying rune of Zot
 41586 | Lair:2   | Identified the +1 robe of a wizard's laboratory {*Slow
                  | rPois rCorr Slay+3} (Okawaru gifted it to you on level 2 of
                  | the Swamp)
 42064 | Vaults:1 | Entered Level 1 of the Vaults
 42111 | Vaults:1 | Received a gift from Okawaru
 42354 | Vaults:1 | Received a gift from Okawaru
 42405 | Vaults:1 | Found Dopudin's Armour Boutique.
 42555 | Vaults:1 | Received a gift from Okawaru
 42904 | Vaults:1 | Found Fyxzifoh's Food Boutique.
 42942 | Vaults:1 | Found Lienn's Antique Weapon Emporium.
 43188 | Vaults:1 | Found Raikurph's Assorted Antiques.
 43196 | Vaults:1 | Bought a scroll of magic mapping for 140 gold pieces
 43196 | Vaults:1 | Bought a copper ring for 200 gold pieces
 43206 | Vaults:1 | Received a gift from Okawaru
 43214 | Vaults:1 | Reached XP level 19. HP: 224/224 MP: 19/26
 43477 | Vaults:1 | Received a gift from Okawaru
 44361 | Vaults:2 | Received a gift from Okawaru
 44633 | Vaults:2 | Reached skill level 10 in Invocations
 44918 | Vaults:2 | Reached skill level 5 in Spellcasting
 44996 | Vaults:2 | Received a gift from Okawaru
 45010 | Vaults:2 | Found the +8 glaive of the Guard {elec, +Rage AC+5 SInv}
 45481 | Vaults:3 | Received a gift from Okawaru
 45482 | Vaults:3 | Got an ancient dire flail {god gift}
 45725 | Vaults:3 | Reached skill level 22 in Fighting
 45943 | Vaults:3 | Found Qaaveifu's Book Emporium.
 46324 | Vaults:3 | Reached XP level 20. HP: 228/236 MP: 21/28
 46326 | Vaults:3 | Received a gift from Okawaru
 46469 | Vaults:3 | Found a staircase to the Crypt.
 46486 | Vaults:3 | Noticed Asterion
 46495 | Vaults:3 | Killed Asterion
 46540 | Vaults:3 | Received a gift from Okawaru
 46541 | Vaults:3 | Got a brightly glowing great mace {god gift}
 46550 | Vaults:3 | Noticed Jory
 46564 | Vaults:3 | Killed Jory
 46591 | Vaults:3 | Found a blossoming altar of Fedhas.
 46677 | Vaults:3 | Found Zubeburch's Antique Weapon Boutique.
 46891 | Vaults:3 | Found Xoug's Book Shoppe.
 46891 | Vaults:3 | Found Couheg's Magic Scroll Shop.
 46904 | Vaults:3 | Bought a scroll of magic mapping for 52 gold pieces
 46904 | Vaults:3 | Bought a scroll of identify for 30 gold pieces
 46905 | Vaults:3 | Identified the +7 great mace of Wariness {vamp, MP+9 Dex+4}
                  | (Okawaru gifted it to you on level 3 of the Vaults)
 46906 | Vaults:3 | Identified the +10 dire flail of Bodily Harmony {freeze,
                  | rPois SInv} (Okawaru gifted it to you on level 3 of the
                  | Vaults)
 46936 | Vaults:3 | Noticed Frederick
 46946 | Vaults:3 | Killed Frederick
 47158 | Vaults:4 | Received a gift from Okawaru
 47769 | Vaults:4 | Received a gift from Okawaru
 47885 | Vaults:4 | Noticed a Brimstone Fiend
 47889 | Vaults:4 | Received a gift from Okawaru
 48509 | Vaults:4 | Received a gift from Okawaru
 48585 | Vaults:4 | Noticed a Tzitzimitl
 48614 | Vaults:4 | Reached skill level 10 in Throwing
 48617 | Vaults:4 | Reached XP level 21. HP: 184/247 MP: 30/32
 48617 | Vaults:4 | Noticed Sojobo
 48638 | Vaults:4 | Killed Sojobo
 49466 | Depths:1 | Entered Level 1 of the Depths
 49532 | Depths:1 | Received a gift from Okawaru
 49680 | Depths:1 | Found a gateway to Hell.
 49752 | Depths:1 | Reached skill level 23 in Fighting
 50055 | Depths:1 | Found Sofyodefu's Assorted Antiques.
 50057 | Depths:1 | Found Huegodgh's Antique Weapon Boutique.
 50057 | Depths:1 | Found Katzam's Book Shop.
 50062 | Depths:1 | Found Xoduonai's General Store.
 50410 | Depths:1 | Found a one-way gate leading to the halls of Pandemonium.
 50936 | Depths:1 | Found Tasoic's Distillery.
 51026 | Depths:1 | Found a one-way gate to the infinite horrors of the Abyss.
 51186 | Depths:1 | Received a gift from Okawaru
 51688 | Snake:4  | Got a turquoise-encrusted plate armour
 51696 | Snake:4  | Identified the cursed +0 plate armour "Sedoz" {*Corrode
                  | rPois rC+ Int+6} (You found it on level 4 of the Snake Pit)
 52288 | Snake:4  | Reached XP level 22. HP: 239/260 MP: 34/34
 52582 | Snake:4  | Received a gift from Okawaru
 52892 | Snake:4  | Got a serpentine rune of Zot
 53920 | Slime:1  | Entered Level 1 of the Pits of Slime
 54263 | Slime:1  | Gained mutation: You are dopey. (Int -2) [a shining eye]
 54486 | Slime:2  | Gained mutation: Your spells are a little easier to cast,
                  | but a little less powerful. [a shining eye]
 54489 | Slime:2  | Received a gift from Okawaru
 54737 | Slime:2  | Found a viscous altar of Jiyva.
 54956 | Slime:2  | Gained mutation: You are very dopey. (Int -4) [a shining
                  | eye]
 55283 | Slime:1  | Reached skill level 24 in Fighting
 55632 | Slime:2  | Received a gift from Okawaru
 55635 | Slime:2  | Reached skill level 15 in Armour
 55802 | Slime:2  | Reached skill level 10 in Spellcasting
 56042 | Slime:3  | Reached XP level 23. HP: 254/271 MP: 37/37
 56190 | Slime:3  | Received a gift from Okawaru
 56191 | Slime:3  | Got an ichor-stained giant spiked club {god gift}
 56192 | Slime:3  | Identified the +4 giant spiked club "Xoturphumae" {flame,
                  | MR+ Int+3} (Okawaru gifted it to you on level 3 of the Pits
                  | of Slime)
 56398 | Slime:4  | Gained mutation: You are frail. (-10% HP) [a shining eye]
 56963 | Slime:5  | Entered Level 5 of the Pits of Slime
 57068 | Slime:5  | Noticed the Royal Jelly
 57411 | Slime:4  | Received a gift from Okawaru
 58570 | Slime:5  | Received a gift from Okawaru
 59016 | Slime:5  | Killed the Royal Jelly
 59016 | Slime:5  | Received a gift from Okawaru
 59310 | Slime:5  | Identified Zyfozuph's Disquisition on Destructive Sinister
                  | Arts
 59345 | Slime:5  | Identified Geph's Handbook of the Floating Mountains
 59373 | Slime:5  | Got a translucent turquoise ring
 59389 | Slime:5  | Identified the Incunabulum of Conjuration and Dislocation
 59392 | Slime:5  | Got a slimy rune of Zot
 59470 | Slime:5  | Identified the ring of Xibraejo {*Slow +Inv Str+5 Dex+6}
                  | (You found it on level 5 of the Pits of Slime)
 59809 | Lair:2   | Lost mutation: You are very dopey. (Int -4) [potion of
                  | mutation]
 59809 | Lair:2   | Lost mutation: You are partially covered in molten scales.
                  | (AC +2) [potion of mutation]
 59809 | Lair:2   | Lost mutation: Your spells are a little easier to cast, but
                  | a little less powerful. [potion of mutation]
 59809 | Lair:2   | Gained mutation: Your flesh is heat resistant. (rF+)
                  | [potion of mutation]
 59809 | Lair:2   | Gained mutation: You expend magic power (3 MP) to
                  | strengthen your wands. [potion of mutation]
 59810 | Lair:2   | Lost mutation: You are dopey. (Int -2) [potion of mutation]
 59810 | Lair:2   | Lost mutation: You expend magic power (3 MP) to strengthen
                  | your wands. [potion of mutation]
 59810 | Lair:2   | Lost mutation: Your flesh is heat resistant. (rF+) [potion
                  | of mutation]
 59810 | Lair:2   | Gained mutation: Your magical capacity is low. (-10% MP)
                  | [potion of mutation]
 59810 | Lair:2   | Gained mutation: Your mind is acute. (Int +2) [potion of
                  | mutation]
 59810 | Lair:2   | Gained mutation: Potions are less effective at restoring
                  | your health. [potion of mutation]
 59810 | Lair:2   | Gained mutation: Your muscles are very strong. (Str +4)
                  | [potion of mutation]
 59968 | Depths:1 | Bought a potion of mutation for 104 gold pieces
 59968 | Depths:1 | Bought a potion of mutation for 104 gold pieces
 59969 | Depths:1 | Lost mutation: Your mind is acute. (Int +2) [potion of
                  | mutation]
 59969 | Depths:1 | Lost mutation: You are frail. (-10% HP) [potion of
                  | mutation]
 59969 | Depths:1 | Lost mutation: Your magical capacity is low. (-10% MP)
                  | [potion of mutation]
 59969 | Depths:1 | Gained mutation: You are surrounded by a mild repulsion
                  | field. (EV +2) [potion of mutation]
 59969 | Depths:1 | Gained mutation: You possess an exceptional clarity of
                  | mind. [potion of mutation]
 59969 | Depths:1 | Gained mutation: Your magical capacity is low. (-10% MP)
                  | [potion of mutation]
 59969 | Depths:1 | Gained mutation: You have a pair of horns on your head.
                  | [potion of mutation]
 61024 | Depths:2 | Received a gift from Okawaru
 61183 | Depths:2 | Reached XP level 24. HP: 266/282 MP: 33/33
 61518 | Depths:3 | Received a gift from Okawaru
 61519 | Depths:3 | Got a heavily runed shield {god gift}
 63189 | Depths:4 | Received a gift from Okawaru
 63245 | Depths:4 | Received a gift from Okawaru
 63536 | Depths:4 | Found Finuadah's Antique Armour Shop.
 63612 | Depths:4 | Noticed a caustic shrike
 63617 | Depths:4 | Killed a caustic shrike
 64029 | Depths:5 | Entered Level 5 of the Depths
 64072 | Depths:5 | Received a gift from Okawaru
 64100 | Depths:5 | Found Sifajad's Food Emporium.
 64155 | Depths:5 | Reached XP level 25. HP: 254/293 MP: 29/34
 64200 | Depths:5 | Found an iron altar of Okawaru.
 64387 | Depths:5 | Found Ustoih Liph's Food Boutique.
 64419 | Depths:5 | Found a gateway to a ziggurat.
 64532 | Depths:5 | Found Cerghuyp's Food Shoppe.
 64589 | Depths:5 | Reached skill level 15 in Dodging
 64616 | Depths:5 | Reached skill level 25 in Fighting
 64915 | Depths:5 | Received a gift from Okawaru
 65052 | Depths:5 | Found a gate to the Realm of Zot.
 65074 | Depths:5 | Identified the +0 shield "Jeake" {rC++ Regen+ Int-2 Dex+4}
                  | (Okawaru gifted it to you on level 3 of the Depths)
 65163 | Depths:5 | Found Meawauc's Food Boutique.
 65180 | Depths:5 | Received a gift from Okawaru
 65388 | Depths:5 | Noticed a juggernaut
 65395 | Depths:5 | Killed a juggernaut
 65395 | Depths:5 | Received a gift from Okawaru
 65690 | Depths:5 | Found Lirghal's Jewellery Shop.
 66242 | Elf:1    | Entered Level 1 of the Elven Halls
 66380 | Elf:1    | Received a gift from Okawaru
 66513 | Elf:1    | Received a gift from Okawaru
 66564 | Elf:1    | Got a heavily runed bronze ring
 66565 | Elf:1    | Identified the ring "Ikhliac" {*Corrode rC+ Int+9 Dex-5}
                  | (You acquired it on level 1 of the Elven Halls)
 66665 | Elf:1    | Got a faintly glowing copper ring
 66675 | Elf:1    | Identified the ring "Ibbeg" {Int+5 Stlth-} (You found it on
                  | level 1 of the Elven Halls)
 66728 | Elf:1    | Identified the Reference Book on Sinister Magic
 66970 | Elf:2    | Noticed Roxanne
 67051 | Elf:2    | Received a gift from Okawaru
 67448 | Elf:2    | Received a gift from Okawaru
 67740 | Elf:2    | Found a huge runed gate.
 67740 | Elf:2    | Found a huge runed gate.
 67740 | Elf:2    | Found a huge runed gate.
 67740 | Elf:2    | Found a huge runed gate.
 67741 | Elf:2    | Found a huge runed gate.
 68163 | Elf:3    | Entered Level 3 of the Elven Halls
 68431 | Elf:3    | Reached XP level 26. HP: 306/306 MP: 35/35
 69049 | Elf:3    | Learned a level 2 spell: Swiftness
 69053 | Elf:3    | Learned a level 3 spell: Regeneration
 69212 | Elf:3    | Got a crystal war axe {vamp}
 69283 | Elf:3    | Received a gift from Okawaru
 69449 | Elf:3    | Identified the +12 war axe of No Interval {vamp, rC+ Dex+4}
                  | (You took it off a deep elf death mage on level 3 of the
                  | Elven Halls)
 69468 | Elf:3    | Got a smoking glaive {vamp}
 69517 | Elf:3    | Got a pair of ancient boots
 69518 | Elf:3    | Identified the +1 pair of boots of Protective Custody
                  | {Stlth+} (You found it on level 3 of the Elven Halls)
 69950 | Lair:2   | Identified the +10 glaive of Var Qungoj {vamp, MR+} (You
                  | took it off a deep elf death mage on level 3 of the Elven
                  | Halls)
 70100 | Vaults:5 | Entered Level 5 of the Vaults
 70108 | Vaults:5 | Received a gift from Okawaru
 70384 | Vaults:5 | Reached skill level 26 in Fighting
 70560 | Vaults:5 | Received a gift from Okawaru
 70579 | Vaults:5 | Got a scintillating jade ring
 70674 | Vaults:5 | Identified the ring "Zeacly" {Wiz rC- rN++ MR+ Stlth+} (You
                  | took it off a vault warden on level 5 of the Vaults)
 71007 | Vaults:5 | Noticed an ancient lich
 71018 | Vaults:5 | Killed an ancient lich
 71018 | Vaults:5 | Reached XP level 27. HP: 288/318 MP: 29/36
 71063 | Vaults:5 | Got a scorched giant club {god gift}
 71129 | Vaults:5 | Received a gift from Okawaru
 71130 | Vaults:5 | Found the +8 Wrath of Trog {antimagic, *Rage}
 71568 | Vaults:5 | Got a slimy whip
 71571 | Vaults:5 | Identified the +4 giant club "Grim Tooth" {protect, rElec}
                  | (Okawaru gifted it to you on level 5 of the Vaults)
 71573 | Vaults:5 | Identified the +5 whip of Pride {vamp, *Noise rPois SInv
                  | Stlth+} (You found it on level 5 of the Vaults)
 71722 | Vaults:5 | Got a silver rune of Zot
 71843 | Vaults:5 | Identified the Handbook of Feathers and Confrontation
 71847 | Vaults:5 | Got a bloodstained flail
 72023 | Vaults:5 | Received a gift from Okawaru
 72063 | Vaults:5 | Identified Tyhoghed's Almanac of Enchanting Cold
 72082 | Vaults:5 | Identified the Disquisition on Enchantment
 72225 | Vaults:5 | Reached skill level 1 in Air Magic
 72226 | Vaults:5 | Reached skill level 1 in Necromancy
 72249 | Vaults:5 | Received a gift from Okawaru
 72382 | Vaults:5 | Identified the +4 flail of Poverty {elec, +Inv rPois Dex+4
                  | Stlth+} (You found it on level 5 of the Vaults)
 73028 | Zot:1    | Entered Level 1 of the Realm of Zot
 73056 | Zot:1    | Reached skill level 1 in Charms
 73235 | Zot:1    | Received a gift from Okawaru
 73566 | D:12     | You paid a toll of +2 gold dragon scales to enter a
                  | treasure trove
 73567 | Trove    | Entered a treasure trove
 73578 | Trove    | Found the +7 mace of Variability {chain chaos}
 73620 | Trove    | Got a heavily runed ruby amulet
 73624 | Trove    | Got a bound jade amulet
 73646 | Trove    | Reached skill level 5 in Necromancy
 73683 | D:12     | Identified the amulet "Vamuxatt" {Gourm rF++} (You found it
                  | in a treasure trove)
 73684 | D:12     | Identified the amulet of Suspicion {+Rage rElec Str+3} (You
                  | found it in a treasure trove)
 74111 | Zot:1    | Received a gift from Okawaru
 74657 | Zot:2    | Noticed an orb of fire
 74667 | Zot:2    | Killed an orb of fire
 74667 | Zot:2    | Received a gift from Okawaru
 74667 | Zot:2    | Reached skill level 1 in Stealth
 74682 | Zot:2    | Received a gift from Okawaru
 75507 | Zot:2    | Learned a level 8 spell: Necromutation
 75721 | Zot:2    | Received a gift from Okawaru
 76105 | Zot:3    | Received a gift from Okawaru
 76107 | Zot:3    | Reached skill level 15 in Spellcasting
 76466 | Zot:3    | Received a gift from Okawaru
 76560 | Zot:3    | Reached skill level 27 in Fighting
 76639 | Zot:3    | Received a gift from Okawaru
 77276 | Zot:5    | Entered Level 5 of the Realm of Zot
 77280 | Zot:5    | Reached skill level 1 in Transmutations
 79564 | Hell     | Entered the Vestibule of Hell
 79564 | Hell     | Noticed Geryon
 79581 | Hell     | Killed Geryon
 79631 | Hell     | Received a gift from Okawaru
 79721 | Hell     | Reached skill level 5 in Charms
 79835 | Hell     | Found a gateway to the ashen valley of Gehenna.
 79939 | Hell     | Received a gift from Okawaru
 80014 | Hell     | Found a gateway to the decaying netherworld of Tartarus.
 80069 | Hell     | Found a gateway to the freezing wastes of Cocytus.
 80246 | Hell     | Found a gateway to the Iron City of Dis.
 80447 | Geh:1    | Entered Level 1 of Gehenna
 80862 | Geh:1    | Received a gift from Okawaru
 81790 | Geh:3    | Received a gift from Okawaru
 81795 | Geh:3    | Got a wizard robe {god gift}
 82302 | Geh:3    | Reached skill level 5 in Transmutations
 83297 | Geh:3    | Received a gift from Okawaru
 83522 | Depths:1 | Voluntarily entered the Abyss.
 83523 | Abyss:1  | Found a corrupted altar of Lugonu.
 83587 | Abyss:3  | Found a corrupted altar of Lugonu.
 83835 | Abyss:3  | Received a gift from Okawaru
 83847 | Abyss:3  | Paralysed by accursed screaming for 2 turns
 83965 | Abyss:3  | Found a corrupted altar of Lugonu.
 84187 | Depths:1 | Escaped the Abyss
 84358 | Depths:1 | Voluntarily entered the Abyss.
 84395 | Abyss:1  | Received a gift from Okawaru
 84630 | Abyss:3  | Reached skill level 15 in Throwing
 84687 | Abyss:3  | Got an abyssal rune of Zot
 84704 | Depths:1 | Escaped the Abyss
 84741 | Dis:1    | Entered Level 1 of the Iron City of Dis
 85026 | Dis:2    | Received a gift from Okawaru
 85070 | Dis:3    | Received a gift from Okawaru
 85537 | Zot:5    | Identified the +0 robe "Ippeczets" {rC+} (Okawaru gifted it
                  | to you on level 3 of Gehenna)
 85599 | Zot:5    | Received a gift from Okawaru
 85781 | Zot:5    | Reached skill level 15 in Invocations
 86092 | Zot:5    | Noticed an ancient lich
 86101 | Zot:5    | Received a gift from Okawaru
 86104 | Zot:5    | Noticed an ancient lich
 86106 | Zot:5    | Killed an ancient lich
 86106 | Zot:5    | Received a gift from Okawaru
 86114 | Zot:5    | Killed an ancient lich
 86114 | Zot:5    | Received a gift from Okawaru
 86151 | Zot:5    | Received a gift from Okawaru
 86152 | Zot:5    | Got a slimy robe {god gift}
 86154 | Zot:5    | Identified the +2 robe "Sicwatt" {rElec rF+ Str-2} (Okawaru
                  | gifted it to you on level 5 of the Realm of Zot)
 86177 | Zot:5    | Noticed an orb of fire
 86186 | Zot:5    | Gained mutation: Your body sometimes deteriorates upon
                  | taking damage. [an orb of fire]
 86193 | Zot:5    | Killed an orb of fire
 86198 | Zot:5    | Reached skill level 10 in Necromancy
 86445 | Zot:5    | Noticed an ancient lich
 86451 | Zot:5    | Killed an ancient lich
 86600 | Zot:5    | Noticed an orb of fire
 86600 | Zot:5    | Gained mutation: Your spells are a little easier to cast,
                  | but a little less powerful. [an orb of fire]
 86603 | Zot:5    | Gained mutation: You are dopey. (Int -2) [an orb of fire]
 86608 | Zot:5    | Killed an orb of fire
 86806 | Zot:5    | Received a gift from Okawaru
 86872 | Zot:5    | Received a gift from Okawaru
 86973 | Zot:5    | Got the Orb of Zot
 87364 | D:13     | Noticed a seraph
 87486 | D:7      | Received a gift from Okawaru
 87642 | D:$      | Escaped with the Orb!

Skill      XL: |  1  2  3  4  5  6  7  8  9 10 11 12 13 14 15 16 17 18 19 20 21 22 23 24 25 26 27 |
---------------+----------------------------------------------------------------------------------+-----
Fighting       | 3 4 5 6 7 9 11 13 14 15 16 17 18 19 20 21 22 23 24 25 26 27 | 27.0
Maces & Flails | 3 4 5 6 7 8 9 11 12 13 14 15 16 17 18 19 20 21 24 | 24.3
Dodging        | 3 4 5 6 7 8 9 10 11 12 13 14 15 16 18 | 18.3
Throwing       | 3 4 6 7 8 9 10 12 17 | 17.2
Evocations     | 1 |  1.2
Spellcasting   | 1 3 5 7 8 10 11 12 13 16 | 16.3
Armour         | 2 6 8 9 10 11 12 13 14 15 18 19 | 19.8
Invocations    | 2 4 6 7 8 9 10 11 12 13 15 | 15.0
Air Magic      | 3 |  3.0
Necromancy     | 10 | 10.6
Charms         | 5 |  5.0
Stealth        | 3 |  3.0
Transmutations | 8 |  8.2

Action                   |  1- 3 |  4- 6 |  7- 9 | 10-12 | 13-15 | 16-18 | 19-21 | 22-24 | 25-27 || total
-------------------------+-------+-------+-------+-------+-------+-------+-------+-------+-------++-------
Melee: Flail             |    94 |       |       |       |       |       |       |       |       ||    94
       Mace              |    20 |   239 |   312 |       |       |       |       |       |       ||   571
       Headbutt          |       |    18 |   107 |   215 |   326 |   353 |   254 |   303 |   724 ||  2300
       Giant spiked club |       |       |     8 |    28 |  1060 |  1315 |   933 |   974 |  2391 ||  6709
       Hand axe          |       |       |   144 |   406 |       |       |       |       |       ||   550
       Rapier            |       |       |       |   186 |       |       |       |       |       ||   186
       Short sword       |       |       |       |    29 |       |       |       |       |       ||    29
       Battleaxe         |       |       |       |   125 |       |       |       |       |       ||   125
       Punch             |       |       |       |     1 |       |       |       |       |       ||     1
       Staff             |       |       |       |       |       |       |       |       |     7 ||     7
Throw: Throwing net      |     2 |     2 |       |     1 |       |       |       |       |       ||     5
       Tomahawk          |       |       |       |    51 |    19 |       |       |       |       ||    70
       Large rock        |       |       |       |       |       |    38 |    87 |   316 |   545 ||   986
Invok: Heroism           |       |       |       |     7 |    19 |    22 |    19 |    23 |    50 ||   140
       Finesse           |       |       |       |     1 |     9 |    13 |    13 |    19 |    38 ||    93
Evoke: Wand              |       |     3 |    17 |    36 |     8 |     2 |     1 |     8 |     1 ||    76
       Lightning rod     |       |       |       |       |       |       |       |     1 |       ||     1
  Use: Scroll            |     3 |     4 |    10 |    12 |    13 |    19 |     8 |     8 |    27 ||   104
       Potion            |       |     9 |     6 |     5 |     3 |     5 |     2 |     7 |     8 ||    45
 Stab: Sleeping          |     1 |       |     1 |       |       |       |       |       |       ||     2
       Held in net/web   |       |     1 |       |       |       |       |       |       |       ||     1
       Paralysed         |       |     3 |    25 |    16 |       |       |       |       |       ||    44
       Petrified         |       |       |       |       |     9 |       |       |       |       ||     9
  Eat: Chunk             |       |     9 |    15 |    16 |    34 |    31 |    19 |    11 |    23 ||   158
       Ration            |       |       |     1 |     3 |     1 |     6 |     3 |     8 |    16 ||    38
Armor: Robe              |    44 |    82 |   128 |    17 |       |       |       |       |       ||   271
       Gold dragon scale |       |       |       |   656 |   763 |  1024 |   479 |   641 |  1038 ||  4601
Dodge: Dodged            |    70 |   161 |   237 |   393 |   548 |   807 |   448 |   662 |  1839 ||  5165
       Deflected         |       |       |       |       |       |     5 |     1 |       |     1 ||     7
Block: Other             |       |       |    50 |   103 |   149 |   166 |    77 |   103 |    86 ||   734
       Reflection        |       |       |     1 |    10 |     1 |    16 |    17 |    18 |     7 ||    70
